 Dungeon Crawl Stone Soup version 0.31-a0-246-g8cbcc1cb85 (webtiles) character file.

Game seed: 15685059004982013535

36 Babbit the Chopper (level 3, -2/31 HPs)
             Began as a Minotaur Gladiator on July 12, 2023.
             Slain by Sigmund
             ... wielding a +0 scythe
              (8 damage)
             ... on level 2 of the Dungeon.
             The game lasted 00:06:01 (837 turns).

Babbit the Chopper (Minotaur Gladiator)              Turns: 837, Time: 00:06:02

Health: -2/31      AC:  5    Str: 20    XL:     3   Next: 19%
Magic:  2/2        EV:  9    Int:  5    God:
Gold:   24         SH:  0    Dex: 11    Spells: 2/2 levels left

rFire   . . .        a - +0 war axe
rCold   . . .        (no shield)
rNeg    . . .        b - +0 leather armour
rPois   .            c - +0 hat
rElec   .            (no cloak)
rCorr   .            (no gloves)
SInv    .            (no boots)
Will    +....        (no amulet)
Stlth   +            (no ring)
HPRegen 0.25/turn    (no ring)
MPRegen 0.08/turn

%: no passive effects
@: constricted
A: horns 2, retaliatory headbutt, iridescent scales 1, high MP 1, strong-willed
1, no potion heal 1
a: no special abilities


You were on level 2 of the Dungeon.
You visited 1 branch of the dungeon, and saw 2 of its levels.

You collected 24 gold pieces.

Inventory:

Hand Weapons
 a - a +0 war axe (weapon)
Missiles
 d - 3 throwing nets (quivered)
 e - a javelin
Armour
 b - a +0 leather armour (worn)
 c - a +0 hat (worn)
Scrolls
 h - 4 scrolls of amnesia
 i - a scroll of blinking {unknown}
 j - a scroll of noise {unknown}
Potions
 g - a potion of enlightenment {unknown}
 k - a potion of might {unknown}


   Skills:
 + Level 3.1 Fighting
 + Level 4.1 Axes
 + Level 2.5 Throwing
 + Level 3.6 Dodging


You had 2 spell levels left.
You didn't know any spells.
Your spell library contained the following spells:

 Spells                   Type           Power      Damage    Failure   Level
 Freeze                   Ice            0%         1d3       54%         1
 Frozen Ramparts          Ice            0%         1d1       88%         3
 Hailstorm                Conj/Ice       0%         3d3       88%         3


Dungeon Overview and Level Annotations

Branches:
Dungeon (2/15)

Altars:

Annotations:
D:2 Sigmund


Innate Abilities, Weirdness & Mutations

You have a pair of horns on your head.
You reflexively headbutt those who attack you in melee.
You are partially covered in iridescent scales. (AC +2)
You have an increased reservoir of magic. (+10% MP)
You are strong-willed. (Will+)
Potions are less effective at restoring your health.


Message History

Sigmund shouts!
You hear an angry hiss.
Found a fizzy pink potion.
There is a stone staircase leading up here.
Found an escape hatch in the ceiling.
Found a stone staircase leading up.
A bat comes into view.
A ball python comes into view.
Sigmund hits you with a +0 scythe.
You barely miss Sigmund. You slash Sigmund!
Sigmund is moderately wounded.
You slash the bat!
You kill the bat!
Sigmund barely misses you.
You barely miss Sigmund.
Sigmund is moderately wounded.
Sigmund drinks a potion.
Sigmund flickers and vanishes!
Deactivating autopickup; reactivate with Ctrl-A.
You barely miss something. Something hits you!
You hit something. You closely miss the ball python.
The ball python barely misses you. The ball python closely misses you.
You hear some strange, mumbled words.
A magic dart appears from out of thin air!
The magic dart hits you! The ball python bites you. The ball python grabs you.
The ball python constricts you.
You hear some strange, mumbled words.
A magic dart appears from out of thin air!
The magic dart hits you.
* * * LOW HITPOINT WARNING * * *
It was a potion of mutation.
You feel extremely strange.
Iridescent scales grow over part of your body.
You feel more energetic.
Your system partially rejects the healing effects of potions.
You feel strong-willed. The ball python closely misses you.
You furiously retaliate!
You headbutt the ball python. The ball python constricts you.
You hear some strange, mumbled words.
A puff of flame appears from out of thin air!
The puff of flame misses you.
You escape the ball python's grasp.
The ball python closely misses you. The ball python grabs you.
The ball python constricts you. Something hits you!
You die...

.... ...#
...# ...+
...#
#####...####
#...S.......
#.<@.{8...<.
#!..........
#####...####
...# .<.#
...# ####


You could see a ball python.

Vanquished Creatures
  5 bats
  4 endoplasms (D:1)
  2 giant cockroaches (D:1)
  4 goblins (D:1)
  3 hobgoblins (D:1)
  2 quokkas (D:1)
  3 ball pythons (D:1)
  A frilled lizard (D:1)
  3 kobolds (D:1)
  5 rats (D:1)
32 creatures vanquished.

Notes
Turn   | Place    | Note
-------+----------+-------------------------------------------
     0 | D:1      | Babbit the Minotaur Gladiator began the quest for the Orb.
     0 | D:1      | Reached XP level 1. HP: 18/18 MP: 0/0
    94 | D:1      | Reached XP level 2. HP: 25/25 MP: 1/1
   290 | D:1      | Reached skill level 4 in Axes
   517 | D:1      | Reached XP level 3. HP: 31/31 MP: 2/2
   828 | D:2      | Noticed Sigmund
   836 | D:2      | Gained mutation: You are partially covered in iridescent
                  | scales. (AC +2) [potion of mutation]
   836 | D:2      | Gained mutation: You have an increased reservoir of magic.
                  | (+10% MP) [potion of mutation]
   836 | D:2      | Gained mutation: Potions are less effective at restoring
                  | your health. [potion of mutation]
   836 | D:2      | Gained mutation: You are strong-willed. (Will+) [potion of
                  | mutation]
   837 | D:2      | Slain by Sigmund

Illustrated notes

Levels and vault maps discovered:
D:1:      minmay_arrival_glassed_features, layout_basic, minmay_tromino_i4
D:2:      layout_basic, nicolae_elevator_lobby_plus, uniq_sigmund, uniq_terence

Skill      XL: |  1  2 |
---------------+-------+-----
Axes           | 4 |  4.1
Fighting       | 3 |  3.1
Throwing       | |  2.5
Dodging        | |  3.6

Action                     || total
---------------------------++-------
  Melee: War axe           ||    46
         Headbutt          ||     4
    Use: Scroll            ||     1
         Potion            ||     1
 Armour: Leather armour    ||     7
  Dodge: Dodged            ||    26

Table legend: (Time is in decaauts)
 A = Elapsed time spent in this place.
 B = Non-inter-level travel time spent in this place.
 C = Inter-level travel time spent in this place.
 D = Time resting spent in this place.
 E = Time spent auto-exploring this place.
 F = Levels seen in this place.
 G = Mean time per level.
                   A        B        C        D        E       F      G
               +--------+--------+--------+--------+--------+-----+--------+
         Total |    850 |    134 |    716 |      0 |      0 |   2 |  425.0 |
       Dungeon |    850 |    134 |    716 |      0 |      0 |   2 |  425.0 |
               +--------+--------+--------+--------+--------+-----+--------+

Top non-repeatable levels by time:
     D:1: 840 daAuts
     D:2: 10 daAuts
